 Dungeon Crawl Stone Soup version 0.21.1-1-g345015fe64 (webtiles) character file.

947 Kejsarherre the Carver (level 8, -1/48 HPs)
             Began as a Formicid Fighter on May 3, 2018.
             Succumbed to a water moccasin's poison
             ... on level 6 of the Dungeon.
             The game lasted 00:10:26 (5264 turns).

Kejsarherre the Carver (Formicid Fighter)           Turns: 5264, Time: 00:10:27

Health: -1/48      AC:  7    Str: 21 (22) XL:     8   Next: 35%
Magic:  8/8        EV:  9    Int:  8 (9)  God:
Gold:   316        SH: 10    Dex:  8 (10) Spells: 7/7 levels left

rFire    . . .     SeeInvis +   a - +0 long sword
rCold    + . .     Gourm    .   c - +1 shield
rNeg     . . .     Faith    .   b - +0 scale mail
rPois    .         Spirit   .   (helmet unavailable)
rElec    .         Reflect  .   (no cloak)
rCorr    .         Harm     .   (no gloves)
MR       .....                  p - +0 pair of boots (curse)
Stlth    ..........             i - amulet of regeneration
HPRegen  0.56/turn              h - ring of protection from cold
MPRegen  0.11/turn              (no ring)

@: lethally poisoned (-1 -> -21), drained
A: permanent stasis, dig shafts and tunnels, four strong arms, antennae 3,
repulsion field 1, frail 2, high mp 1
a: Dig, Shaft Self


You were on level 6 of the Dungeon.
You were not hungry.

You visited 1 branch of the dungeon, and saw 6 of its levels.

You collected 316 gold pieces.

Inventory:

Hand Weapons
 a - a +0 long sword (weapon)
Armour
 b - a +0 scale mail (worn)
 c - a +1 shield (worn)
 p - a cursed +0 pair of boots (worn)
Jewellery
 h - a ring of protection from cold (left hand)
 i - an amulet of regeneration (around neck)
Scrolls
 d - a scroll of teleportation {unknown}
 l - 5 scrolls of identify
 n - 2 scrolls of amnesia {unknown}
 q - 2 scrolls of enchant armour
 t - a scroll of remove curse
Potions
 e - a potion of flight
 g - 2 potions of lignification
 k - 2 potions of curing
 o - a potion of resistance
Books
 r - a book of Power

   Spells                             Type                      Level
   a - Iskenderun's Battlesphere      Conjuration/Charms           5
   b - Venom Bolt                     Conjuration/Poison           5
   c - Bolt of Magma                  Conjuration/Fire/Earth       5
   d - Iron Shot                      Conjuration/Earth            6
   e - Orb of Destruction             Conjuration                  7
   f - Spellforged Servitor           Conjuration/Summoning        7
Comestibles
 f - 3 rations


   Skills:
 + Level 3.7(2.7) Fighting
 + Level 8.8(7.6) Long Blades
 + Level 3.7(2.7) Armour
 + Level 4.1(3.1) Shields


You had 7 spell levels left.
You didn't know any spells.

Dungeon Overview and Level Annotations

Branches:
Dungeon (6/15)
 Temple: D:4-7

Altars:
Xom

Annotations:
D:4 archiater's ghost, amateur GrFi
D:6 Grinder; Prince Ribbit; Thargor's ghost, novice DsGl


Innate Abilities, Weirdness & Mutations

You cannot be hasted, slowed, berserked, paralysed or teleported.
You can dig through walls and to a lower floor.
Your four strong arms can wield two-handed weapons with a shield.
You have a pair of large antennae on your head. (SInv)
You are surrounded by a mild repulsion field. (EV +2)
You are very frail. (-20% HP)
You have an increased reservoir of magic. (+10% MP)


Message History

* * * LOW HITPOINT WARNING * * *
You are more poisoned.
The water moccasin poisons you!
You hit the water moccasin.
The water moccasin is almost dead.
* * * LOW HITPOINT WARNING * * *
You feel very sick. The water moccasin bites you.
* * * LOW HITPOINT WARNING * * *
The water moccasin closely misses you.
You riposte.
You closely miss the water moccasin.
The water moccasin is almost dead.
Unknown command.
Unknown command.
Unknown command.
You slash the water moccasin!
You kill the water moccasin!
You feel your dexterity returning.
Your base Shields skill increases to level 4!
You die...

#.##### ##..#.#W#
......# ##...#.#
#.###.# #...##<##
#.###.## ##.#.....#
.......### #..#.....#
#.###....##
#.##.....## #.#
#..#>.### #.##.......
..#
##....(.###.##....##.
.##
#####......@†....# .
.# #.###.###..>.# #
.# #..##.# ....# .#
##.##.# .....# <#
#..#.# ####... ##
##...# ## .# ##..##
.# #....# .# #....#


There were no monsters in sight!

Vanquished Creatures
  A water moccasin (D:6)
  A bullfrog (D:6)
  4 wights
  A bullfrog zombie (D:5)
  A crimson imp (D:5)
  A hound (D:5)
  An orc priest (D:5)
  A jelly (D:5)
  3 orc wizards
  Jessica (D:2)
  An iguana (D:5)
  6 worker ants
  A hound skeleton (D:4)
  A worker ant zombie (D:6)
  4 adders
  3 gnolls
  A shadow imp (D:6)
  An ooze (D:1)
  3 worms
  3 leopard geckos
  14 orcs
  2 ball pythons (D:3)
  5 giant cockroaches
  7 goblins
  6 hobgoblins
  2 jackals (D:3)
  2 kobolds
  3 quokkas
  2 bats
  3 frilled lizards
  A jackal skeleton (D:4)
  2 rats (D:1)
88 creatures vanquished.

Notes
Turn   | Place    | Note
-------+----------+-------------------------------------------
     0 | D:1      | Kejsarherre the Formicid Fighter began the quest for the Orb.
     0 | D:1      | Reached XP level 1. HP: 18/18 MP: 1/1
   358 | D:1      | Reached XP level 2. HP: 21/24 MP: 2/2
   682 | D:1      | Reached skill level 3 in Long Blades
   899 | D:2      | Noticed Jessica
   907 | D:2      | HP: 1/24 [frilled lizard (2)]
   921 | D:1      | Reached XP level 3. HP: 26/29 MP: 3/3
   932 | D:2      | Killed Jessica
  1087 | D:2      | Reached skill level 4 in Long Blades
  1087 | D:2      | Reached XP level 4. HP: 21/35 MP: 4/4
  1114 | D:2      | You fall through a shaft for 2 floors!
  1423 | D:4      | Reached XP level 5. HP: 41/41 MP: 5/5
  1475 | D:3      | Reached skill level 5 in Long Blades
  1798 | D:4      | Reached XP level 6. HP: 35/47 MP: 6/6
  1955 | D:4      | Noticed archiater's ghost (amateur GrFi)
  2032 | D:3      | Reached skill level 6 in Long Blades
  2792 | D:5      | Entered Level 5 of the Dungeon
  2817 | D:5      | Noticed an ice beast
  3333 | D:5      | Reached XP level 7. HP: 52/52 MP: 7/7
  3362 | D:5      | Reached skill level 7 in Long Blades
  3873 | D:5      | Found a shimmering altar of Xom.
  3903 | D:5      | Reached skill level 8 in Long Blades
  4160 | D:6      | Noticed Prince Ribbit
  4162 | D:6      | Noticed Thargor's ghost (novice DsGl)
  4352 | D:6      | Reached XP level 8. HP: 57/58 MP: 8/8
  4879 | D:6      | Noticed Grinder
  4933 | D:6      | Gained mutation: You have an increased reservoir of magic. (+10% MP) [potion of mutation]
  4933 | D:6      | Gained mutation: You are frail. (-10% HP) [potion of mutation]
  4933 | D:6      | Gained mutation: You are very frail. (-20% HP) [potion of mutation]
  4933 | D:6      | Gained mutation: You are surrounded by a mild repulsion field. (EV +2) [potion of mutation]
  5263 | D:6      | HP: 1/46 [water moccasin (3)]
  5264 | D:6      | Succumbed to a water moccasin's poison

Skill      XL: |  1  2  3  4  5  6  7  8 |
---------------+-------------------------+-----
Long Blades    | 3 4 5 6 8 |  8.8
Shields        | 4 |  4.1
Fighting       | |  3.7
Armour         | |  3.7

Action                   |  1- 3 |  4- 6 |  7- 9 || total
-------------------------+-------+-------+-------++-------
Melee: Long sword        |    57 |   187 |   203 ||   447
 Abil: Shaft Self        |       |     1 |       ||     1
       Dig               |       |     1 |       ||     1
  Use: Potion            |     2 |     2 |     8 ||    12
       Scroll            |       |     5 |       ||     5
  Eat: Chunk             |     1 |     7 |     4 ||    12
       Ration            |       |       |     1 ||     1
Armor: Scale mail        |    37 |    43 |    67 ||   147
       Skin              |       |     8 |     1 ||     9
Dodge: Dodged            |    19 |    43 |    53 ||   115
Block: Shield            |    23 |    95 |    89 ||   207
       Rpst.: Long sword |     2 |    15 |    20 ||    37
